 Dungeon Crawl Stone Soup version 0.17-a0-1446-gc28613e (webtiles) character file.

280 esc the Magician (level 6, -3/32 HPs)
             Began as a Deep Elf Fire Elementalist on June 28, 2015.
             Slain by a giant frog (5 damage)
             ... in a sewer.
             The game lasted 00:15:16 (4283 turns).

esc the Magician (Deep Elf Fire Elementalist)       Turns: 4283, Time: 00:15:17

Health: -3/32      AC:  2    Str:  5    XL:     6   Next: 5%
Magic:  17/17      EV: 10    Int: 22    God:
Gold:   84         SH:  0    Dex: 15    Spells: 2 memorised, 13 levels left

rFire  . . .     SeeInvis .     r - +3 short sword (holy)
rCold  . . .     Clarity  .     a - +0 robe
rNeg   . . .     SustAt   .     (no shield)
rPois  .         Gourm    .     (no helmet)
rElec  .         Spirit   .     (no cloak)
rCorr  .         Warding  .     (no gloves)
rMut   .         Stasis   .     (no boots)
MR     .....                    (no amulet)
Stlth  ++........               (no ring)
                                p - ring of flight {+Fly, !d}

@: lethally poisoned (-3 -> -13), about to teleport, flying, constricted, not
resistant to hostile enchantments, unstealthy
A: no striking features
a: no special abilities


You were in a sewer.
You were not hungry.

You visited 1 branch of the dungeon, and saw 3 of its levels.
You also visited: Sewer.

You collected 84 gold pieces.

Inventory:

Hand weapons
 r - a +3 short sword of holy wrath (weapon)
   (You took it off a kobold on level 2 of the Dungeon)
Missiles
 f - 5 silver tomahawks (quivered)
 n - 20 poisoned needles
Armour
 a - a +0 robe (worn)
Jewellery
 p - a ring of flight (left hand) {+Fly, !d}
   (You found it on level 2 of the Dungeon)
Scrolls
 g - 5 scrolls of remove curse
 k - a scroll of fog
 o - 3 scrolls of identify
 q - a scroll of recharging
Potions
 d - 4 potions of haste
 h - a potion of degeneration {unknown}
 i - 2 potions of flight
 l - a potion of might {unknown}
 m - a potion of lignification {unknown}
Books
 b - a book of Flames
Comestibles
 c - 4 bread rations {@e1}
 j - 3 chunks of flesh {@w0}


   Skills:
 - Level 2.4 Dodging
 - Level 2.4 Stealth
 + Level 6.3 Spellcasting
 - Level 1.1 Conjurations
 + Level 5.7 Fire Magic


You had 13 spell levels left.
You knew the following spells:

 Your Spells              Type           Power        Failure   Level  Hunger
a - Flame Tongue          Conj/Fire      ###..        1%          1    None
c - Conjure Flame         Conj/Fire      ###.....     8%          3    #......


Dungeon Overview and Level Annotations

Branches:
Dungeon (3/15)

Altars:
Makhleb
Nemelex Xobeh


Message History

You regained 3 mp, and now have 12/15 mp.
q - a scroll of recharging
s - a scroll labeled HIAMUUGYXEL
s - 2 scrolls labeled HIAMUUGYXEL (gained 1) Read which item? (? for menu, Esc to quit)
As you read the scroll labeled HIAMUUGYXEL, it crumbles to dust.
You feel strangely unstable.
It was a scroll of teleportation.
There is an open door here.
Your surroundings suddenly seem different.
Splash!
You fall into the shallow water.
Moving in this stuff is going to be slow.
You enter the shallow water.
Moving in this stuff is going to be slow.
You enter the shallow water.
Moving in this stuff is going to be slow.
You enter the shallow water.
Moving in this stuff is going to be slow.
You see here a ball python skeleton.
You see here a rat skeleton.
You enter the shallow water.
Moving in this stuff is going to be slow. 2 giant newts and an adder come into view.
MP restored: 15 Unknown command.
Aim: a giant newt The flame tongue hits the giant newt.
You kill the giant newt!
You now have 14/15 mp.
The adder bites you but does no damage.
Aim: an adder The flame tongue hits the adder.
The adder is engulfed in a cloud of scalding steam.
You kill the adder!
You have reached level 6!
Your experience leads to an increase in your attributes!
Increase (S)trength, (I)ntelligence, or (D)exterity?
You feel clever.
Health restored: 32 You start resting.
MP restored: 17 The giant newt is too close now for your liking.
A giant newt is nearby!
A ball python and an adder come into view.
Aim: an adder (water)
You feel a bit more experienced.
You now have 16/17 mp.
Aim: a giant newt The flame tongue hits the giant newt.
You kill the giant newt!
You are engulfed in a cloud of scalding steam.
You take 2 damage, and have 30/32 hp.
You now have 15/17 mp.
You start resting.
Health restored: 32; MP restored: 17 2 ball pythons and an adder come into view. 2 giant frogs come into view.
The giant frog croaks. x2
The fire roars!
The adder bites you.
You take 1 damage, and have 31/32 hp.
You now have 14/17 mp.
The ball python is engulfed in a cloud of scalding steam.
You kill the ball python!
The adder closely misses you. The giant frog closely misses you.
Drink which item? (? for menu, Esc to quit)
You feel very buoyant.
You fly up into the air.
The adder completely misses you. The giant frog barely misses you.
The giant frog closely misses you. The adder barely misses you.
The giant frog closely misses you. The giant frog hits you.
You take 5 damage, and have 26/32 hp.
The giant frog misses you. The adder misses you. The giant frog hits you.
You take 2 damage, and have 24/32 hp.
The giant frog closely misses you. The giant frog hits you.
The giant frog barely misses you.
You take 3 damage, and have 21/32 hp.
Drink which item? (? for menu, Esc to quit)
It was a potion of magic.
Magic courses through your body. The adder bites you.
You are poisoned.
The adder poisons you! The ball python barely misses you.
The ball python closely misses you. The giant frog hits you!
The giant frog closely misses you. The adder misses you.
You take 10 damage, and have 11/32 hp.
MASSIVE DAMAGE!!
MP restored: 17 Drink which item? (? for menu, Esc to quit)
Okay, then.
Read which item? (? for menu, Esc to quit)
As you read the scroll of teleportation, it crumbles to dust.
You feel strangely unstable.
You feel sick. The giant frog hits you!
* * * LOW HITPOINT WARNING * * *
The giant frog completely misses you.
The ball python bites you but does no damage.
The ball python grabs you. The ball python constricts you. The adder bites you.
* * * LOW HITPOINT WARNING * * *
You are more poisoned.
The adder poisons you! The giant frog completely misses you.
The giant frog hits you.
You die...

#......#
#......#
#.≈≈...#
#≈≈≈.≈≈#
#≈≈≈≈≈≈#
#≈≈≈≈≈≈#
#≈≈†≈≈≈#
#≈≈≈≈≈≈#
#≈≈≈≈≈≈#
#≈≈≈≈≈≈#
#≈≈≈≈≈≈#
#≈≈≈≈≈≈#
#≈≈≈≈S≈#
#≈≈≈≈≈≈#
#≈≈≈FFS#
#≈≈≈≈≈≈#
#≈≈≈≈@S#
#≈≈≈≈≈≈#
#≈≈≈≈≈≈#
#≈≈≈.≈≈#
#≈≈≈≈≈≈#
#≈≈≈≈≈≈#
#≈≈≈≈≈≈#
#≈≈..≈≈#
#≈≈≈≈≈≈#
#≈..≈≈≈#
#≈≈≈≈≈≈#
#≈≈≈≈÷≈#
#≈≈≈≈≈≈#
#≈≈≈≈≈≈#
#≈≈≈≈≈≈#
#≈≈≈≈≈≈#
#≈≈≈≈≈≈#
#≈≈≈≈≈≈#


You could see 2 giant frogs, an adder and 2 ball pythons.

Vanquished Creatures
  Jessica (D:3)
  6 river rats (Sewer)
  10 adders
  3 worms (D:2)
  5 giant geckos
  3 orcs (D:3)
  3 bats
  3 giant cockroaches
  9 goblins
  6 hobgoblins
  2 jackals (D:2)
  8 ball pythons
  13 giant newts
  13 kobolds
  26 rats
111 creatures vanquished.

Notes
Turn   | Place    | Note
--------------------------------------------------------------
     0 | D:1      | esc the Deep Elf Fire Elementalist began the quest for the Orb.
     0 | D:1      | Reached XP level 1. HP: 10/10 MP: 6/6
   156 | D:1      | Found a sparkling altar of Nemelex Xobeh.
   466 | D:1      | Reached XP level 2. HP: 12/15 MP: 5/8
   909 | D:1      | Reached skill level 4 in Fire Magic
  1393 | D:2      | Reached XP level 3. HP: 19/19 MP: 8/10
  1450 | D:2      | Reached skill level 4 in Spellcasting
  2018 | D:2      | Reached XP level 4. HP: 20/24 MP: 6/12
  2023 | D:2      | Learned a level 3 spell: Conjure Flame
  2066 | D:2      | Found a burning altar of Makhleb.
  2535 | D:3      | Noticed Jessica
  2543 | D:3      | Killed Jessica
  2543 | D:3      | Reached skill level 5 in Spellcasting
  2543 | D:3      | Reached skill level 5 in Fire Magic
  2737 | D:3      | Found a glowing drain.
  2748 | D:3      | HP: 3/24 [something] (9)]
  2751 | Sewer    | Entered a sewer
  3030 | Sewer    | Reached XP level 5. HP: 28/28 MP: 8/14
  3144 | Sewer    | HP: 7/28 [cloud of steam (19)]
  3785 | Sewer    | HP: 7/28 [river rat (9)]
  3793 | Sewer    | HP: 6/28 [river rat (8)]
  3795 | Sewer    | Reached skill level 6 in Spellcasting
  3796 | Sewer    | HP: 2/28 [cloud of steam (4)]
  4231 | Sewer    | Reached XP level 6. HP: 32/32 MP: 14/17
  4275 | Sewer    | Noticed a giant frog
  4275 | Sewer    | Noticed a giant frog
  4283 | Sewer    | HP: 3/32 [giant frog (7)]
  4283 | Sewer    | Slain by a giant frog

Vault maps used:
D:1:      lemuel_arrival_behind_the_door_large,
          nemelex_xobeh_ov_fountains_minmay
D:2:      bloody_makhleb
D:3:      portal_sewer_entry_d, first_bread, uniq_robin, uniq_jessica
Sewer:    sewer_minmay_w

Action                   |  1- 3 |  4- 6 || total
-------------------------+-------+-------++-------
Melee: Dagger            |    12 |       ||    12
       Short sword       |     2 |     2 ||     4
 Cast: Flame Tongue      |    86 |   106 ||   192
       Conjure Flame     |       |     3 ||     3
  Use: Scroll            |     6 |     4 ||    10
       Potion            |       |     5 ||     5
 Stab: Sleeping          |     2 |     1 ||     3
  Eat: Chunk             |     3 |     4 ||     7
       Royal jelly       |       |     1 ||     1
       Beef jerky        |       |     1 ||     1

Vault maps used:
D:1:      lemuel_arrival_behind_the_door_large,
          nemelex_xobeh_ov_fountains_minmay
D:2:      bloody_makhleb
D:3:      portal_sewer_entry_d, first_bread, uniq_robin, uniq_jessica
Sewer:    sewer_minmay_w

Table legend:
 A = Turns spent in this place as a percentage of turns spent in the entire game.
 B = Non-inter-level travel turns spent in this place as a percentage of non-inter-level travel turns spent in the entire game.
 C = Inter-level travel turns spent in this place as a percentage of turns spent in this place.
 D = Turns resting spent in this place as a percentage of non-inter-level travel turns spent in this place.
 E = Turns spent auto-exploring this place as a percentage of non-inter-level travel turns spent in this place.
 F = Non-inter-level travel turns spent in this place divided by the number of levels of this place that you've seen.
                   A       B       C       D       E      F
               +-------+-------+-------+-------+-------+----------------------
         Total | 100.0 | 100.0 |   0.2 |   7.3 |   6.9 | 253.8
       Dungeon |  72.3 |  72.2 |   0.3 |   7.2 |   8.2 | 244.3
         Sewer |  27.7 |  27.8 |   0.0 |   7.4 |   3.5 | 282.0
               +-------+-------+-------+-------+-------+----------------------

Table legend:
 A = Kills in this place as a percentage of kills in entire the game.
 B = Kills by you in this place as a percentage of kills by you in the entire game.
 C = Kills by friends in this place as a percentage of kills by friends in the entire game.
 D = Other kills in this place as a percentage of other kills in the entire game.
 E = Experience gained in this place as a percentage of experience gained in the entire game.
 F = Experience gained in this place divided by the number of levels of this place that you have seen.
                   A       B       C       D       E      F
               +-------+-------+-------+-------+-------+----------------------
         Total | 100.0 | 100.0 |  -nan |  -nan | 100.0 | 100.2
       Dungeon |  58.6 |  58.6 |  -nan |  -nan |  46.9 |  62.7
         Sewer |  41.4 |  41.4 |  -nan |  -nan |  53.1 | 213.0
               +-------+-------+-------+-------+-------+----------------------
